 Dungeon Crawl Stone Soup version 0.24-a0-183-g8902462 (webtiles) character file.

Game seed: 2011106213109413323

48 Inarius the Sneak (level 3, 0/28 HPs)
             Began as a Demonspawn Assassin on Mar 15, 2019.
             Succumbed to an adder's poison
             ... on level 1 of the Dungeon.
             The game lasted 00:01:46 (1840 turns).

Inarius the Sneak (Demonspawn Assassin)             Turns: 1840, Time: 00:01:47

Health: 0/28       AC:  3    Str: 11    XL:     3   Next: 50%
Magic:  3/3        EV: 12    Int: 12    God:
Gold:   52         SH:  0    Dex: 15    Spells: 2/2 levels left

rFire    + . .     SeeInvis .   a - +2 dagger
rCold    + . .     Gourm    .   (no shield)
rNeg     . . .     Faith    .   c - +0 robe
rPois    +         Spirit   .   (helmet restricted)
rElec    +         Reflect  .   d - +0 cloak
rCorr    +         Harm     .   (no gloves)
MR       .....                  (no boots)
Stlth    +++.......             (no amulet)
HPRegen  0.09/turn              (no ring)
MPRegen  0.08/turn              (no ring)

@: lethally poisoned (0 -> -5), resistant
A: antennae 1
a: no special abilities


You were on level 1 of the Dungeon.
You were near starving.

You visited 1 branch of the dungeon, and saw 2 of its levels.

You collected 52 gold pieces.

Inventory:

Hand Weapons
 a - a +2 dagger (weapon)
 b - a +0 blowgun
Missiles
 e - 20 poisoned needles
 f - 2 curare-tipped needles
Armour
 c - a +0 robe (worn)
 d - a +0 cloak (worn)
Scrolls
 i - a scroll of remove curse {unknown}
 j - a scroll of immolation {unknown}
Potions
 k - a potion of resistance
Comestibles
 g - 2 rations


   Skills:
 + Level 2.5 Fighting
 + Level 2.3 Short Blades
 + Level 1.9 Throwing
 + Level 1.1 Dodging
 + Level 4.2 Stealth


You had 2 spell levels left.
You didn't know any spells.
Your spell library was empty.

Dungeon Overview and Level Annotations

Branches:
Dungeon (2/15)

Altars:


Innate Abilities, Weirdness & Mutations

You have a pair of small antennae on your head.


Message History

* * * LOW HITPOINT WARNING * * *
You feel sick.
Okay, then.
Unknown command.
* * * LOW HITPOINT WARNING * * *
You feel sick.
* * * LOW HITPOINT WARNING * * *
You feel sick.
* * * LOW HITPOINT WARNING * * *
You feel sick.
* * * LOW HITPOINT WARNING * * *
You feel sick.
* * * LOW HITPOINT WARNING * * *
You feel sick.
* * * LOW HITPOINT WARNING * * *
You feel sick.
There is a lethal amount of poison in your body!
* * * LOW HITPOINT WARNING * * *
You feel sick.
You die...

....##.(..# #.......#
....####### #......)# ....#
#.......# ....# #.......#
....# #.......# #####
#.......# ##
##########.......########
.###.........#####.........#
...........^....@†.>....(..#
.###...........(##(.(...(..#
.# #............##.........#
># #............##.........#
.# #####........############
## #...###### #...# #####


There were no monsters in sight!

Vanquished Creatures
  2 adders (D:1)
  An ooze (D:1)
  4 bats (D:1)
  3 goblins (D:1)
  2 hobgoblins (D:1)
  4 jackals (D:1)
  7 kobolds (D:1)
  A ball python (D:1)
  A rat (D:1)
25 creatures vanquished.

Notes
Turn   | Place    | Note
-------+----------+-------------------------------------------
     0 | D:1      | Inarius the Demonspawn Assassin began the quest for the
                  | Orb.
     0 | D:1      | Reached XP level 1. HP: 16/16 MP: 1/1
   505 | D:1      | Reached skill level 4 in Stealth
   505 | D:1      | Gained mutation: You have a pair of small antennae on your
                  | head. [demonic ancestry]
   505 | D:1      | Reached XP level 2. HP: 22/22 MP: 2/2
  1339 | D:1      | Reached skill level 1 in Dodging
  1647 | D:1      | Reached XP level 3. HP: 13/28 MP: 3/3
  1835 | D:1      | HP: 1/28 [poisoned by an adder]
  1840 | D:1      | Succumbed to an adder's poison

Levels and vault maps discovered:
D:1:      sevenhm_arrival_forest_fort_large_4, layout_basic
D:2:      layout_loops_cross, first_ration, uniq_sigmund

Skill      XL: |  1  2 |
---------------+-------+-----
Short Blades   | 2 |  2.3
Stealth        | 4 |  4.2
Dodging        | 1 |  1.1
Fighting       | |  2.5
Throwing       | |  1.9

Action                   || total
-------------------------++-------
Melee: Dagger            ||   107
 Fire: Blowgun           ||     4
  Use: Potion            ||     1
 Stab: Sleeping          ||     2
  Eat: Chunk             ||     1
Armor: Robe              ||    41
Dodge: Dodged            ||    65

Table legend:
 A = Non-vault XP
 B = Vault XP
 C = Vault XP percentage of total XP
 D = Non-vault monster count
 E = Vault monster count
 F = Vault count percentage of total count
                 A         B        C        D         E       F
            +---------+---------+-------+---------+---------+-------
      Total |      69 |       0 |   0.0 |      25 |       0 |   0.0
            +---------+---------+-------+---------+---------+-------
        D:1 |      69 |       0 |   0.0 |      25 |       0 |   0.0
            +---------+---------+-------+---------+---------+-------
